 Dungeon Crawl Stone Soup version 0.29-a0-334-gb41bcbb86e (webtiles) character file.

Game seed: 5559884560519042057

4 zishaf the Gusty (level 1, 0/11 HPs)
             Began as a Tengu Air Elementalist on Apr 16, 2022.
             Slain by a quokka (3 damage)
             ... on level 1 of the Dungeon.
             The game lasted 00:00:37 (246 turns).

zishaf the Gusty (Tengu Air Elementalist)            Turns: 246, Time: 00:00:38

Health: 0/11       AC:  2    Str:  8    XL:     1   Next: 70%
Magic:  3/4        EV: 12    Int: 15    God:
Gold:   4          SH:  0    Dex: 14    Spells: 3/4 levels left

rFire   . . .      SeeInvis .   (no weapon)
rCold   . . .      Faith    .   (no shield)
rNeg    . . .      Spirit   .   c - +0 robe
rPois   .          Reflect  .   (helmet restricted)
rElec   .          Harm     .   (no cloak)
rCorr   .          Rampage  .   (no gloves)
Will    .....                   (boots unavailable)
Stlth   ++........              (no amulet)
HPRegen 0.03/turn               (no ring)
MPRegen 0.09/turn               (no ring)

@: very slightly contaminated
A: beak, talons 3
a: no special abilities


You were on level 1 of the Dungeon.
You visited 1 branch of the dungeon, and saw 1 of its levels.

You collected 4 gold pieces.

Inventory:

Hand Weapons
 a - a +0 triple crossbow
Armour
 c - a +0 robe (worn)
Potions
 b - a potion of magic
 d - a potion of brilliance {unknown}


   Skills:
 + Level 0.4 Fighting
 - Level 2.1 Dodging
 - Level 2.0 Stealth
 - Level 2.0 Spellcasting
 + Level 1.7 Conjurations
 + Level 4.1 Air Magic


You had 3 spell levels left.
You knew the following spells:

 Your Spells              Type           Power      Damage    Failure   Level
a - Shock                 Conj/Air       40%        1d5       7%          1

Your spell library contained the following spells:

 Spells                   Type           Power      Damage    Failure   Level
 Static Discharge         Conj/Air       10%        N/A       10%         2
 Swiftness                Air            14%        N/A       12%         3
 Airstrike                Air            7%         N/A       36%         4


Dungeon Overview and Level Annotations

Branches:
Dungeon (1/15)

Altars:


Innate Abilities, Weirdness & Mutations

You have a beak for a mouth.
You have claws for feet.


Message History

You kill the giant cockroach!
No target in view!
HP restored.
You now have 4 gold pieces.
Found a triple crossbow.
You see here a giant cockroach corpse.
Things that are here:
a +0 short sword; a kobold corpse No target in view!
You see here a +0 triple crossbow.
c - a +0 triple crossbow Adjust (i)tems, (s)pells, or (a)bilities?
c - a +0 triple crossbow Adjust to which letter? (? for menu, Esc to quit)
a - a +0 triple crossbow;
c - a +0 robe (worn)
As you open the door, it creaks loudly!
a - a +0 triple crossbow (weapon)
Found a faded altar of an unknown god.
There is an open door here.
There is a faded altar of an unknown god here.
d - a dark potion You open the door.
A quokka comes into view.
There is an open door here.
You shoot a bolt. The bolt hits the quokka.
The quokka is heavily wounded.
You shoot a bolt. The bolt closely misses the quokka.
The quokka barely misses you. The quokka bites you. x2
* * * LOW HITPOINT WARNING * * *
You are now empty-handed.
You are too injured to fight recklessly!
Casting: Shock (safe; 7% risk of failure)
Confirm with . or Enter, or press ? or * to list all spells.
Aiming: Shock (safe; 7% risk of failure)
Press: ? - help, Shift-Dir - straight line, f/p - quokka
Aim: a quokka (heavily wounded, 56% to hit)
You miscast Shock.
You are very lightly contaminated with residual magic.
Nothing appears to happen.
The quokka bites you.
You die...

#..##§##..#
#....≈....#
#....≈....#
#.###_###.#
#....≈....#
#....≈....#
#..##≈##..#
#...$≈....#
#####@#####
#.....r.#
#########


You could see a quokka.

Vanquished Creatures
  A giant cockroach (D:1)
  A goblin (D:1)
  A kobold (D:1)
  A bat (D:1)
4 creatures vanquished.

Notes
Turn   | Place    | Note
-------+----------+-------------------------------------------
     0 | D:1      | zishaf the Tengu Air Elementalist began the quest for the
                  | Orb.
     0 | D:1      | Reached XP level 1. HP: 10/10 MP: 4/4
   221 | D:1      | Found a faded altar of an unknown god.
   246 | D:1      | Slain by a quokka

Illustrated notes

Levels and vault maps discovered:
D:1:      dpeg_arrival_tiny_b, layout_rooms,
          shapermc_ecumenical_altar_notcrosses, serial_shops, shop,
          nicolae_shop_waterfront, shop

Action                   || total
-------------------------++-------
Melee: Unarmed           ||     8
       Kick              ||     5
       Peck              ||     1
 Fire: Triple crossbow   ||     2
 Cast: Shock             ||     6
Armor: Robe              ||     3
Dodge: Dodged            ||     5

Table legend: (Time is in decaauts)
 A = Elapsed time spent in this place.
 B = Non-inter-level travel time spent in this place.
 C = Inter-level travel time spent in this place.
 D = Time resting spent in this place.
 E = Time spent auto-exploring this place.
 F = Levels seen in this place.
 G = Mean time per level.
                   A        B        C        D        E       F      G
               +--------+--------+--------+--------+--------+-----+--------+
         Total |    247 |    247 |      0 |      0 |    207 |   1 |  247.0 |
       Dungeon |    247 |    247 |      0 |      0 |    207 |   1 |  247.0 |
               +--------+--------+--------+--------+--------+-----+--------+

Top non-repeatable levels by time:
     D:1: 247 daAuts
